 Dungeon Crawl Stone Soup version 0.28-a0-519-gbfeecf2fc5 (webtiles) character file.

Game seed: 2594699666650399391

30 Maimakterion the Shield-Bearer (level 3, 0/19 HPs)
             Began as a Vine Stalker Fighter on Sept 23, 2021.
             Succumbed to a goblin's poison
             ... on level 1 of the Dungeon.
             The game lasted 00:01:32 (1177 turns).

Maimakterion the Shield-Bearer (VSFi)               Turns: 1177, Time: 00:01:33

Health: 0/19       AC:  7    Str: 19    XL:     3   Next: 20%
Magic:  3/4        EV:  9    Int:  8    God:
Gold:   62         SH:  4    Dex: 13    Spells: 2/2 levels left

rFire   . . .      SeeInvis .   a - +0 long sword
rCold   . . .      Faith    .   c - +0 buckler
rNeg    . . .      Spirit   +   b - +0 scale mail
rPois   .          Reflect  .   e - +0 helmet
rElec   .          Harm     .   (no cloak)
rCorr   .          Rampage  .   (no gloves)
Will    .....                   (no boots)
Stlth   ..........              (no amulet)
HPRegen 0.06/turn               (no ring)
MPRegen 0.09/turn               (no ring)

@: lethally poisoned (0 -> -7)
A: fangs 2, magic shield, antimagic bite, no potion heal 2
a: no special abilities


You were on level 1 of the Dungeon.
You visited 1 branch of the dungeon, and saw 2 of its levels.

You collected 62 gold pieces.

Inventory:

Hand Weapons
 a - a +0 long sword (weapon)
Missiles
 h - a throwing net (quivered)
Armour
 b - a +0 scale mail (worn)
 c - a +0 buckler (worn)
 e - a +0 helmet (worn)
Scrolls
 g - a scroll of identify
 i - a scroll of noise {unknown}
Potions
 d - a potion of might
 f - 2 potions of mutation


   Skills:
 - Level 2.6 Fighting
 + Level 2.1 Long Blades
 * Level 3.0 Armour
 * Level 3.1 Shields


You had 2 spell levels left.
You didn't know any spells.
Your spell library was empty.

Dungeon Overview and Level Annotations

Branches:
Dungeon (2/15)

Altars:

Annotations:
D:2 Robin


Innate Abilities, Weirdness & Mutations

You have extremely sharp teeth.
When hurt, damage is shared between your health and your magic reserves.
Your bite disrupts and absorbs the magic of your enemies.
Potions cannot restore your health.


Message History

You hear a shout!
You hit the goblin. You bite the goblin.
You kill the goblin!
Robin throws the goblin at you! The goblin hits you with a +0 club.
Your Armour skill increases to level 3!
You take 7 damage, and have 11/19 hp.
MASSIVE DAMAGE!!
You now have 3/4 mp.
You hit the goblin. Your bite misses the goblin.
The goblin is severely wounded.
You block the goblin's attack. Robin throws the goblin at you!
The goblin hits you with a +1 dagger of venom.
You take 2 damage, and have 9/19 hp.
You now have 2/4 mp.
The goblin no longer looks unusually strong.
The goblin no longer looks unusually strong.
The goblin no longer looks unusually strong.
MP restored: 4
There is a stone staircase leading up here.
You closely miss the goblin. Your bite misses the goblin.
A hobgoblin comes into view.
The goblin hits you with a +1 dagger of venom.
You are poisoned.
You take 2 damage, and have 9/19 hp.
You closely miss the goblin.
The goblin is severely wounded.
You feel sick.
The hobgoblin shouts!
The goblin barely misses you. The goblin hits you but does no damage.
You take 2 damage, and have 7/19 hp.
You feel sick.
The goblin hits you with a +1 dagger of venom.
You are lethally poisoned!
The goblin hits you but does no damage.
You climb upwards.
* * * LOW HITPOINT WARNING * * *
You feel very sick.
There is a stone staircase leading down here.
You take 5 damage, and have 2/19 hp.
MASSIVE DAMAGE!!
You now have 3/4 mp.
Okay, then.
You hit the goblin.
You kill the goblin!
You die...

....#########.#......#
#........# ###.#
#.#..##### #.......##
..#.# ####.#.....#
#.......## ....#
#....##.##.#
#.......##
.#########.#...#.##.#
#####.####
.#####.....#...#.##.#
##.## #
....................#
#...# #
##..##.#####..#g.####
#...###
###.##.........)@#
#.....#
#≈...≈.###...)####
#...#.#
≈♣≈.≈♣≈###....#
#...#.#
♣⌠♣≈♣⌠♣≈##....#
###...#
≈♣...♣≈###....# #.###
#≈...≈## #....# #.# #
#≈...≈####....#
######.# #
#≈.<.≈##......#
#......# #
#≈...≈##.######
#.###### #


You could see a goblin.

Vanquished Creatures
  An adder skeleton (D:2)
  A dart slug (D:1)
  4 ball pythons
  2 endoplasms (D:1)
  7 goblins
  A hobgoblin (D:1)
  A quokka (D:1)
  2 bats (D:1)
  2 kobolds (D:1)
  4 rats
  A toadstool (D:1)
26 creatures vanquished.

Vanquished Creatures (others)
  A fungus (D:2)
  2 plants (D:2)
  3 toadstools (D:1)
6 creatures vanquished.

Grand Total: 32 creatures vanquished

Notes
Turn   | Place    | Note
-------+----------+-------------------------------------------
     0 | D:1      | Maimakterion the Vine Stalker Fighter began the quest for
                  | the Orb.
     0 | D:1      | Reached XP level 1. HP: 11/11 MP: 2/2
   382 | D:1      | Reached XP level 2. HP: 11/16 MP: 1/3
  1053 | D:2      | Reached XP level 3. HP: 19/19 MP: 4/4
  1133 | D:2      | Noticed Robin
  1177 | D:1      | Succumbed to a goblin's poison

Illustrated notes

Levels and vault maps discovered:
D:1:      ldierk_water_garden, layout_basic
D:2:      layout_loops_ring, shapermc_ecumenical_altar_acropolis, uniq_robin

Skill      XL: |  1  2  3 |
---------------+----------+-----
Shields        | 3 |  3.1
Long Blades    | 2 |  2.1
Armour         | 3 |  3.0
Fighting       | |  2.6

Action                   || total
-------------------------++-------
Melee: Long sword        ||    49
       Bite              ||     4
  Use: Scroll            ||     1
Armor: Scale mail        ||    33
Dodge: Dodged            ||    20
Block: Buckler           ||     9

Table legend: (Time is in decaauts)
 A = Elapsed time spent in this place.
 B = Non-inter-level travel time spent in this place.
 C = Inter-level travel time spent in this place.
 D = Time resting spent in this place.
 E = Time spent auto-exploring this place.
 F = Levels seen in this place.
 G = Mean time per level.
                   A        B        C        D        E       F      G
               +--------+--------+--------+--------+--------+-----+--------+
         Total |   1192 |   1176 |     16 |     89 |    860 |   2 |  596.0 |
       Dungeon |   1192 |   1176 |     16 |     89 |    860 |   2 |  596.0 |
               +--------+--------+--------+--------+--------+-----+--------+

Top non-repeatable levels by time:
     D:1: 1047 daAuts
     D:2: 145 daAuts
